 Dungeon Crawl Stone Soup version 0.27-a0-1287-gca74d27db6 (webtiles) character file.

Game seed: 4413650923807200894

452 zurenarrh the Changer (level 6, -2/47 HPs)
             Began as a Draconian Transmuter on June 14, 2021.
             Was a Believer of Vehumet.
             Splashed by a jelly's acid (11 damage)
             ... on level 4 of the Dungeon.
             The game lasted 00:14:52 (3472 turns).

zurenarrh the Changer (Draconian Transmuter)        Turns: 3472, Time: 00:14:52

Health: -2/47      AC:  3    Str: 10    XL:     6   Next: 75%
Magic:  8/9        EV: 12    Int: 15    God:    Vehumet [**....]
Gold:   22         SH:  0    Dex: 12    Spells: 4/9 levels left

rFire    . . .     SeeInvis .   b - +0 dagger (venom)
rCold    . . .     Faith    .   (no shield)
rNeg     . . .     Spirit   .   (armour unavailable)
rPois    .         Reflect  .   (helmet currently unavailable)
rElec    .         Harm     .   d - +0 cloak
rCorr    .         Rampage  .   (no gloves)
Will     .....                  (boots currently unavailable)
Stlth    +.........             (no amulet)
HPRegen  0.15/turn              (no ring)
MPRegen  0.11/turn              (no ring)

@: appendages, corroded
A: horns 2, talons 2, AC +6, unfitting armour, cold-blooded, weak 1
a: End Transformation, Renounce Religion


You were on level 4 of the Dungeon.
You worshipped Vehumet.
Vehumet was pleased with you.
You had temporarily grown beastly horns and talons.
You visited 1 branch of the dungeon, and saw 4 of its levels.

You collected 80 gold pieces.
You spent 58 gold pieces at shops.

Inventory:

Hand Weapons
 b - a +0 dagger of venom (weapon)
 i - a +0 scythe
Missiles
 h - a throwing net
Armour
 a - a +0 robe
 d - a +0 cloak (worn)
 g - a scarf of resistance
Jewellery
 k - a ring of wizardry
Scrolls
 m - a scroll of identify
Potions
 c - 2 potions of heal wounds
 e - a potion of invisibility {unknown}
 f - a potion of haste {unknown}
 j - a potion of curing
 l - a potion of degeneration {unknown}


   Skills:
 - Level 1.1 Fighting
 - Level 3.1 Short Blades
 - Level 1.7 Dodging
 - Level 0.1 Stealth
 - Level 3.0 Unarmed Combat
 - Level 2.0 Spellcasting
 + Level 4.7 Transmutations
 - Level 4.1 Poison Magic


You had 4 spell levels left.
You knew the following spells:

 Your Spells              Type           Power      Damage    Failure   Level
a - Beastly Appendage     Tmut           30%        N/A       3%          1
b - Spider Form           Tmut/Pois      7%         N/A       11%         3
c - Foxfire               Conj/Fire      4%         2x1d4     22%         1

Your spell library contained the following spells:

 Spells                   Type           Power      Damage    Failure   Level
 Poisonous Vapours        Pois/Air       14%        N/A       14%         2
 Wereblood                Tmut           15%        N/A       4%          2
 Ice Form                 Ice/Tmut       8%         N/A       63%         4


Dungeon Overview and Level Annotations

Branches:
Dungeon (4/15)
 Temple: D:4-7

Altars:
Cheibriados
Elyvilon
Kikubaaqudgha
Trog
Vehumet
Xom

Shops:
D:3 ::*


Innate Abilities, Weirdness & Mutations

You have temporarily grown beastly horns and talons.
Your plain brown scales are hard. (AC +6)
You cannot fit into any form of body armour.
You are cold-blooded and may be slowed by cold attacks.
You are weak. (Str -2)


Message History

The jelly is moderately wounded.
Casting: Foxfire (safe; 22% risk of failure)
Confirm with . or Enter, or press ? or * to list all spells.
You grow a pair of large bovine horns.
Your feet morph into talons.
The kobold throws a poisoned dart.
The poisoned dart hits you!
You are poisoned.
Things that are here:
a +0 club; a goblin corpse You feel sick.
The kobold closely misses you.
You hit the kobold but do no damage.
The kobold is poisoned.
Your kick misses the kobold. You headbutt the kobold.
You kill the kobold!
Vehumet accepts your kill.
Vehumet offers you knowledge of Poisonous Vapours.
You feel your power returning.
You feel sick.
You hit the jelly but do no damage.
Your hands burn!
You claw the jelly.
The jelly is heavily wounded.
You feel sick. The jelly hits you but does no damage.
You hit the jelly.
Your hands burn!
You tail-slap the jelly.
The jelly is almost dead.
The jelly hits you. The acid corrodes you!
You are splashed with acid!
You hit the jelly but do no damage.
Your hands burn!
The jelly is almost dead.
You feel sick. The jelly hits you.
You are splashed with acid!
You hit the jelly but do no damage.
The jelly is poisoned.
The acid corrodes you!
Your hands burn!
* * * LOW HITPOINT WARNING * * *
The jelly is almost dead.
You feel sick. The jelly hits you but does no damage.
You feel sick.
Things that are here:
a +0 short sword; 4 poisoned darts You feel sick.
You are no longer poisoned.
Casting: Beastly Appendage (safe; 3% risk of failure)
Confirm with . or Enter, or press ? or * to list all spells.
You conjure some foxfire!
The jelly hits you.
* * * LOW HITPOINT WARNING * * *
You are splashed with acid!
You die...

# #....# # #....# #
#....# ##### #
#....# #...# #
#....# #...########
+....+ +...'.†.....
#v...###...########
#v@J).)'..)'.......
####.###...########
#..# #...# #+##
#..)# #....# #.....
#.<.... +.......
##.......


You could see a jelly (very poisoned, ally target).

Vanquished Creatures
  Sigmund (D:3)
  An ogre (D:3)
  An orc priest (D:3)
  An orc wizard (D:3)
  Terence (D:3)
  3 gnolls (D:3)
  2 adders (D:2)
  2 dart slugs (D:1)
  2 orcs (D:3)
  7 ball pythons
  4 bats
  3 endoplasms
  3 giant cockroaches
  10 goblins
  4 hobgoblins
  11 jackals
  8 kobolds
  5 frilled lizards
  6 rats
75 creatures vanquished.

Vanquished Creatures (others)
  5 foxfires
  3 plants (D:3)
8 creatures vanquished.

Grand Total: 83 creatures vanquished

Notes
Turn   | Place    | Note
-------+----------+-------------------------------------------
     0 | D:1      | zurenarrh the Draconian Transmuter began the quest for the
                  | Orb.
     0 | D:1      | Reached XP level 1. HP: 16/16 MP: 3/3
    68 | D:1      | Reached XP level 2. HP: 22/23 MP: 5/5
   122 | D:1      | Gained mutation: You are weak. (Str -2) [potion of
                  | mutation]
   800 | D:1      | Reached XP level 3. HP: 28/28 MP: 4/6
   813 | D:1      | Learned a level 3 spell: Spider Form
  1040 | D:1      | Found a white marble altar of Elyvilon.
  1232 | D:2      | Found a faded altar of an unknown god.
  1253 | D:2      | Became a worshipper of Vehumet
  1253 | D:2      | Reached * piety under Vehumet
  1253 | D:2      | Offered knowledge of Foxfire by Vehumet.
  1275 | D:2      | Learned a level 1 spell: Foxfire
  1420 | D:2      | Found a bloodstained altar of Trog.
  1799 | D:3      | Found Ohiafid's Book Emporium.
  1812 | D:3      | Found Pookimm's Book Boutique.
  1833 | D:3      | Noticed Sigmund
  1850 | D:3      | Killed Sigmund
  1851 | D:3      | Reached XP level 4. HP: 32/35 MP: 4/7
  1851 | D:3      | Reached XP level 5. HP: 37/40 MP: 4/8
  1971 | D:3      | Noticed an ogre
  1994 | D:3      | Killed an ogre
  1995 | D:3      | Reached XP level 6. HP: 19/47 MP: 9/9
  2608 | D:3      | Noticed Terence
  2609 | D:3      | Found Suotof's Assorted Antiques.
  2629 | D:3      | Killed Terence
  2882 | D:3      | Bought a scroll of identify for 58 gold pieces
  2960 | D:3      | Found a shimmering altar of Xom.
  2964 | D:3      | Found an ancient bone altar of Kikubaaqudgha.
  3251 | D:4      | Found a snail-covered altar of Cheibriados.
  3460 | D:4      | Reached ** piety under Vehumet
  3464 | D:4      | Offered knowledge of Poisonous Vapours by Vehumet.
  3472 | D:4      | Splashed by a jelly's acid

Illustrated notes

Levels and vault maps discovered:
D:1:      dpeg_arrival_water_altar, layout_loops_corners, minivault_24,
          feat_on_display
D:2:      layout_rooms, chequers_ecumenical_altar_simple, basic_altar
D:3:      layout_loops_ring, nicolae_overflow_hidden_temple, serial_shops,
          nicolae_shop_waterfront, nicolae_shop_overgrown_old_shop,
          nicolae_shop_statue_plus, minmay_ogre_servants, uniq_terence,
          uniq_sigmund
D:4:      layout_basic, lemuel_doored_altar, grunt_temple_overflow_diamond,
          temple_green, uniq_grinder

Skill      XL: |  1  2  3  4  5  6 |
---------------+-------------------+-----
Transmutations | 3 4 |  4.7
Short Blades   | 2 3 |  3.1
Poison Magic   | 3 4 |  4.1
Fighting       | |  1.1
Dodging        | |  1.7
Stealth        | |  0.1
Unarmed Combat | |  3.0
Spellcasting   | |  2.0

Action                   |  1- 3 |  4- 6 || total
-------------------------+-------+-------++-------
Melee: Unarmed           |    89 |    59 ||   148
       Kick              |    18 |     8 ||    26
       Headbutt          |     7 |     2 ||     9
       Tailslap          |     6 |     3 ||     9
       Punch             |     2 |       ||     2
       Dagger            |     5 |    29 ||    34
 Cast: Beastly Appendage |    25 |     7 ||    32
       Spider Form       |     2 |     5 ||     7
       Foxfire           |       |     7 ||     7
  Use: Potion            |     1 |       ||     1
       Scroll            |     2 |     1 ||     3
Armor: Skin              |    21 |     8 ||    29
Dodge: Dodged            |    66 |    55 ||   121

Table legend: (Time is in decaauts)
 A = Elapsed time spent in this place.
 B = Non-inter-level travel time spent in this place.
 C = Inter-level travel time spent in this place.
 D = Time resting spent in this place.
 E = Time spent auto-exploring this place.
 F = Levels seen in this place.
 G = Mean time per level.
                   A        B        C        D        E       F      G
               +--------+--------+--------+--------+--------+-----+--------+
         Total |   3464 |   3299 |    165 |    481 |   2087 |   4 |  866.0 |
       Dungeon |   3464 |   3299 |    165 |    481 |   2087 |   4 |  866.0 |
               +--------+--------+--------+--------+--------+-----+--------+

Top non-repeatable levels by time:
     D:3: 1539 daAuts
     D:1: 1091 daAuts
     D:2: 566 daAuts
     D:4: 267 daAuts
